Match 45605417
Unlisted

Match 45605417
End
Pioneer Squad
Construct Infanterie Kompanie
Grenadier Squad
Selects Mechanized Battlegroup
MG 42 Machine Gun Team
Grenadier Squad
Construct Luftwaffe Kompanie
221 Scout Car
Selects Raid Package
Jäger Squad
GrW 34 Mortar Team
Construct Panzer Kompanie
Selects StuG Assault Group
StuG Assault Group
Selects UNKNOWN (2160084)
MG 42 Bunker
Panzer IV Medium Tank
Side Skirts
Panzer Officer Quarters
Cpt Darling
Walker
Kilorss
Gengeta
0
0

Comments sign in to comment!

No comments posted yet!